 Dungeon Crawl Stone Soup version 0.28-a0-1213-g0243856f03 (webtiles) character file.

Game seed: 1181430588575726696

1849 ragingrage the Ogre Mage (level 9, -12/74 HPs)
             Began as an Ogre Fire Elementalist on Dec 22, 2021.
             Was an Initiate of Vehumet.
             Mangled by Harold (25 damage)
             ... on level 7 of the Dungeon.
             The game lasted 00:07:48 (9204 turns).

ragingrage the Ogre Mage (Ogre Fire Elementalist)   Turns: 9204, Time: 00:07:49

Health: -12/74     AC:  3    Str: 14    XL:     9   Next: 12%
Magic:  13/29      EV:  9    Int: 20    God:    Vehumet [......]
Gold:   201        SH:  0    Dex:  9    Spells: 13/23 levels left

rFire   . . .      SeeInvis .   e - +0 dagger (venom)
rCold   . . .      Faith    .   (no shield)
rNeg    . . .      Spirit   .   a - +0 robe
rPois   .          Reflect  .   (helmet restricted)
rElec   .          Harm     .   (no cloak)
rCorr   .          Rampage  .   (gloves unavailable)
Will    .....                   (boots unavailable)
Stlth   +.........              (no amulet)
HPRegen 0.22/turn               i - ring of magical power
MPRegen 0.21/turn               (no ring)

@: marked
A: large, unfitting armour, tough skin 1
a: Renounce Religion


You were on level 7 of the Dungeon.
You worshipped Vehumet.
Vehumet was noncommittal.
You visited 2 branches of the dungeon, and saw 8 of its levels.

You collected 292 gold pieces.
You spent 91 gold pieces at shops.

Inventory:

Hand Weapons
 e - a +0 dagger of venom (weapon)
Missiles
 d - 4 throwing nets (quivered)
Armour
 a - a +0 robe (worn)
Jewellery
 i - a ring of magical power (left hand)
 t - a +4 ring of protection
Wands
 u - a wand of charming (9)
Scrolls
 c - 4 scrolls of teleportation
 g - a scroll of enchant armour {unknown}
 j - 2 scrolls of blinking {unknown}
 k - 4 scrolls of identify
 m - a scroll of fog
 n - a scroll of enchant weapon {unknown}
 q - a scroll of brand weapon {unknown}
 v - a scroll of immolation {unknown}
Potions
 b - 2 potions of might {unknown}
 f - a potion of curing
 h - 2 potions of heal wounds {unknown}
 l - a potion of mutation {unknown}
 o - a potion of attraction {unknown}
 p - a potion of flight {unknown}
 r - 3 potions of magic {unknown}
 s - a potion of lignification {unknown}


   Skills:
 - Level 1.7 Dodging
 - Level 1.4 Stealth
 + Level 7.7 Spellcasting
 + Level 6.0 Conjurations
 + Level 6.6 Fire Magic


You had 13 spell levels left.
You knew the following spells:

 Your Spells              Type           Power      Damage    Failure   Level
a - Foxfire               Conj/Fire      100%       2x1d9     1%          1
b - Scorch                Fire           68%        2d8       1%          2
c - Conjure Flame         Conj/Fire      33%        6-21      1%          3
d - Flame Wave            Conj/Fire      33%        2d7       6%          4

Your spell library contained the following spells:

 Spells                   Type           Power      Damage    Failure   Level
 Magic Dart               Conj           100%       1d8       1%          1
 Searing Ray              Conj           64%        2d6       1%          2
 Inner Flame              Hex/Fire       21%        N/A       7%          3
 Animate Skeleton         Necr           14%        N/A       9%          1
 Apportation              Tloc           14%        N/A       9%          1
 Summon Small Mammal      Summ           28%        N/A       9%          1
 Fulminant Prism          Conj/Hex       9%         3d7       26%         4
 Cause Fear               Hex            3%         N/A       65%         4
 Discord                  Hex            3%         N/A       100%        8


Dungeon Overview and Level Annotations

Branches:
Dungeon (7/15)             Temple (1/1) D:7

Altars:
Ashenzari
Dithmenos
Elyvilon
Fedhas
Hepliaklqana
Kikubaaqudgha
Makhleb
Nemelex Xobeh
Okawaru
Qazlal
Sif Muna
Trog
Uskayaw
Vehumet
Wu Jian
Xom
Zin
The Shining One

Shops:
D:4 ?

Annotations:
D:3 2 transporters
D:6 Maggie
D:7 Harold


Innate Abilities, Weirdness & Mutations

You are too large for most types of armour.
You have tough skin. (AC +1)


Message History

The foxfire hits Harold but does no damage.
Harold is moderately wounded.
Casting: Scorch (safe; 1% risk of failure)
Confirm with . or Enter, or press ? or * to list all spells.
Flames lash the ufetubus.
The ufetubus is burned terribly!
You kill the ufetubus!
Vehumet accepts your kill. Harold closely misses you.
Harold says, "Bounty hunting has been great, but I can't wait to retire."
Harold hits you with a +0 vorpal flail.
Casting: Scorch (safe; 1% risk of failure)
Confirm with . or Enter, or press ? or * to list all spells.
Casting: Flame Wave (dangerous; 7% risk of failure)
Press: ? - help, Dir - look around, f - activate A wave of flame ripples out!
The flame wave engulfs Harold.
Harold is heavily wounded. (Press . to intensify the flame waves.) Harold hits you with a +0 vorpal flail!
A wave of flame ripples out!
The flame wave engulfs Harold!
Harold is heavily wounded.
The flame wave engulfs the black bear!
The black bear is burned terribly!
The black bear is almost dead.
The black bear is no longer more vulnerable to fire.
Harold hits you with a +0 vorpal flail!!
* * * LOW HITPOINT WARNING * * *
A wave of flame ripples out!
The flame wave engulfs Harold!
Harold is severely wounded.
The flame wave engulfs the black bear!
You kill the black bear!
Vehumet accepts your kill.
You finish channelling waves of flame.
Harold hits you with a +0 vorpal flail.
* * * LOW HITPOINT WARNING * * *
x2 Your Conjurations skill increases to level 6!
Unknown command.
Okay, then.
Casting: Flame Wave (dangerous; 6% risk of failure)
Confirm with . or Enter, or press ? or * to list all spells.
Flames lash Harold but do no damage.
Harold hits you with a +0 vorpal flail!!
You die...

#..##.# #....... #.##.#
#.##...# ###########..#.###
#.##...# #................
.........
#.........##.#.#######.###.
#.......(.....†.....#......
#.........†..>.####........
#.###.####@##..# ###.####.
.. #@##.># #.# #. ...
#.##### #.# #. ##. #.# #.#
#. .@ #.# #.# #. # #.# #.#
#. #.# #.# #. ... #.# #.#


You could see Harold.

Vanquished Creatures
  Sigmund (D:6)
  A black bear (D:7)
  An ice beast (D:5)
  2 necrophages
  2 ogres (D:5)
  2 centaurs (D:5)
  A wyvern skeleton (D:6)
  A water moccasin skeleton (D:6)
  7 electric eels (D:6)
  A centaur zombie (D:5)
  2 hounds
  2 jellies
  A centaur skeleton (D:5)
  A bullfrog skeleton (D:6)
  4 iguanas
  2 orc wizards (D:5)
  A hound skeleton (D:5)
  8 adders
  8 gnolls (D:5)
  A howler monkey skeleton (D:5)
  2 ufetubi
  6 worms
  3 dart slugs
  14 orcs
  4 endoplasms
  3 giant cockroaches
  7 goblins
  4 hobgoblins
  7 ball pythons
  7 bats
  5 frilled lizards
  6 kobolds
  5 rats
122 creatures vanquished.

Vanquished Creatures (collateral kills)
  6 foxfires
6 creatures vanquished.

Vanquished Creatures (others)
  511 foxfires
  30 plants
541 creatures vanquished.

Grand Total: 669 creatures vanquished

Notes
Turn   | Place    | Note
-------+----------+-------------------------------------------
     0 | D:1      | ragingrage the Ogre Fire Elementalist began the quest for
                  | the Orb.
     0 | D:1      | Reached XP level 1. HP: 16/16 MP: 3/3
   148 | D:1      | Reached skill level 1 in Conjurations
   373 | D:1      | Reached XP level 2. HP: 24/24 MP: 0/5
   743 | D:1      | Found a faded altar of an unknown god.
  1096 | D:1      | Reached skill level 3 in Spellcasting
  1096 | D:1      | Reached XP level 3. HP: 30/31 MP: 5/7
  1376 | D:2      | Learned a level 2 spell: Scorch
  1380 | D:2      | Learned a level 3 spell: Conjure Flame
  2616 | D:3      | Reached XP level 4. HP: 33/39 MP: 1/9
  2912 | D:3      | You fall into a shaft and drop 3 floors!
  3298 | D:6      | Reached XP level 5. HP: 45/45 MP: 5/10
  3342 | D:6      | Reached skill level 4 in Spellcasting
  3372 | D:6      | Found a glowing drain.
  3806 | D:6      | Noticed a necrophage
  3808 | D:5      | Entered Level 5 of the Dungeon
  3833 | D:5      | Reached XP level 6. HP: 50/53 MP: 6/12
  3929 | D:5      | Noticed a necrophage
  3935 | D:5      | Killed a necrophage
  4091 | D:5      | Learned a level 4 spell: Flame Wave
  4495 | D:5      | Reached skill level 5 in Spellcasting
  4495 | D:5      | Reached XP level 7. HP: 14/59 MP: 9/14
  4791 | D:6      | Found a broken altar of Ashenzari.
  5004 | D:5      | Reached skill level 5 in Fire Magic
  5815 | D:4      | Found Ysabixa's Magic Scroll Shoppe.
  5821 | D:4      | Bought a scroll of teleportation for 39 gold pieces
  5821 | D:4      | Bought a scroll of fog for 26 gold pieces
  5821 | D:4      | Bought a scroll of identify for 26 gold pieces
  6398 | D:3      | Found a shimmering blue altar of Sif Muna.
  6407 | D:3      | Found a hide-covered altar of Uskayaw.
  6424 | D:3      | Reached skill level 6 in Spellcasting
  6554 | D:3      | Identified the +4 spear of the Ten Demons {venom, rN++}
  6586 | D:3      | Found a transporter.
  6592 | D:3      | Found a transporter.
  6716 | D:5      | Reached XP level 8. HP: 67/67 MP: 17/17
  7663 | D:5      | Reached skill level 5 in Conjurations
  8336 | D:6      | Reached skill level 7 in Spellcasting
  8474 | D:6      | Noticed Sigmund
  8479 | D:6      | Killed Sigmund
  8480 | D:6      | Reached XP level 9. HP: 46/74 MP: 19/20
  8790 | D:6      | Noticed Maggie
  8822 | D:7      | Found a staircase to the Ecumenical Temple.
  8866 | Temple   | Entered the Ecumenical Temple
  9025 | Temple   | Became a worshipper of Vehumet
  9181 | D:7      | Noticed Harold
  9204 | D:7      | Mangled by Harold

Illustrated notes

Levels and vault maps discovered:
D:1:      dpeg_arrival_shelter, layout_loops_ring,
          hellmonk_ecumenical_altar_lost_god
D:2:      layout_loops_cross, serial_forest, infiniplex_forest_lined_1,
          infiniplex_forest_clump_diagonal, infiniplex_forest_lined_room_2,
          infiniplex_forest_clump_large, infiniplex_forest_end_3,
          infiniplex_forest_corner_1
D:3:      layout_rooms, mainiacjoe_overflow_swirl,
          gammafunk_ghost_gnarly_gnolls, kennysheep_cross_room, st_stairs_14
D:4:      layout_basic, serial_shops, nicolae_shop_crystal
D:5:      wander_river, layout_layer_cave, kennysheep_dice
D:6:      layout_layer_cave, lemuel_crystal_altar, serial_bayou,
          serial_bayou_crossing, serial_bayou_lagoon_b, serial_bayou_pond_a,
          serial_bayou_lagoon_a, serial_bayou_shore_b,
          lightli_sewer_entry_pipes, uniq_sigmund, uniq_maggie
D:7:      layout_basic, minmay_temple_entry_stoned_glass, uniq_harold
Temple:   regret_index_temple_waves

Skill      XL: |  1  2  3  4  5  6  7  8  9 |
---------------+----------------------------+-----
Conjurations   | 1 2 3 4 5 6 |  6.0
Fire Magic     | 3 4 5 6 |  6.6
Spellcasting   | 3 4 5 6 7 |  7.7
Dodging        | |  1.7
Stealth        | |  1.4

Action                   |  1- 3 |  4- 6 |  7- 9 || total
-------------------------+-------+-------+-------++-------
Melee: Unarmed           |    26 |       |       ||    26
       Dagger            |    19 |    21 |     9 ||    49
Throw: Throwing net      |       |       |     1 ||     1
 Cast: Foxfire           |    68 |    64 |   191 ||   323
       Scorch            |     3 |    10 |    19 ||    32
       Flame Wave        |       |       |     1 ||     1
Evoke: Wand              |       |       |     1 ||     1
 Stab: Sleeping          |     1 |       |       ||     1
Armor: Robe              |    38 |     7 |       ||    45
Dodge: Dodged            |    27 |    18 |    18 ||    63

Table legend: (Time is in decaauts)
 A = Elapsed time spent in this place.
 B = Non-inter-level travel time spent in this place.
 C = Inter-level travel time spent in this place.
 D = Time resting spent in this place.
 E = Time spent auto-exploring this place.
 F = Levels seen in this place.
 G = Mean time per level.
                   A        B        C        D        E       F      G
               +--------+--------+--------+--------+--------+-----+--------+
         Total |   9268 |   8916 |    352 |   2591 |   5065 |   8 | 1158.5 |
       Dungeon |   9050 |   8801 |    249 |   2591 |   4965 |   7 | 1292.9 |
        Temple |    217 |    115 |    102 |      0 |    100 |   1 |  217.0 |
               +--------+--------+--------+--------+--------+-----+--------+

Top non-repeatable levels by time:
     D:5: 2486 daAuts
     D:6: 1750 daAuts
     D:1: 1371 daAuts
     D:4: 1191 daAuts
     D:2: 1176 daAuts
     D:3: 909 daAuts
  Temple: 217 daAuts
     D:7: 165 daAuts
